 Dungeon Crawl Stone Soup version 0.23-a0-141-g456867d (webtiles) character file.

163 Amnesiac the Bolt Thrower (level 5, 0/37 HPs)
             Began as a Mummy Arcane Marksman on Aug 31, 2018.
             Killed by divine providence
             ... invoked by an orc priest
              (11 damage)
             ... on level 3 of the Dungeon.
             The game lasted 00:06:13 (3119 turns).

Amnesiac the Bolt Thrower (Mummy Arcane Marksman)   Turns: 3119, Time: 00:06:14

Health: 0/37       AC:  5    Str: 13    XL:     5   Next: 20%
Magic:  7/7        EV: 10    Int: 14    God:
Gold:   117        SH:  0    Dex: 12    Spells: 4/7 levels left

rFire    x . .     SeeInvis .   b - +0 hunting sling
rCold    + . .     Gourm    .   (no shield)
rNeg     + + +     Faith    .   n - +0 ring mail
rPois    ∞         Spirit   .   (no helmet)
rElec    .         Reflect  .   (no cloak)
rCorr    .         Harm     .   (no gloves)
MR       .....                  (no boots)
Stlth    +.........             (no amulet)
HPRegen  0.12/turn              i - ring of flight
MPRegen  0.10/turn              (no ring)

@: about to teleport
A: no food or potions, fire vulnerability, cold resistance 1, negative energy
resistance 3, torment resistance, unbreathing
a: Evoke Flight


You were on level 3 of the Dungeon.
You were not hungry.

You visited 1 branch of the dungeon, and saw 3 of its levels.

You collected 117 gold pieces.

Inventory:

Hand Weapons
 a - a +0 hand crossbow
 b - a +0 hunting sling (weapon)
Missiles
 d - 36 bolts
 p - 138 stones (quivered)
Armour
 e - a +0 robe
 n - a +0 ring mail (worn)
Jewellery
 i - a ring of flight (left hand)
Scrolls
 c - 2 scrolls of enchant weapon {!r, unknown}
 f - 3 scrolls of teleportation {!r}
 g - 2 scrolls of remove curse {!r, unknown}
 h - a scroll of amnesia {!r, unknown}
 j - a scroll of enchant armour {!r, unknown}
 k - 2 scrolls of fear {!r, unknown}
 l - a scroll of identify {!r, unknown}
 m - a scroll of immolation {!r, unknown}


   Skills:
 - Level 1.0 Fighting
 * Level 4.5 Crossbows
 - Level 1.5 Dodging
 - Level 1.5 Spellcasting
 - Level 2.6 Hexes


You had 4 spell levels left.
You knew the following spells:

 Your Spells              Type           Power        Failure   Level  Hunger
a - Corona                Hex            #......      19%         1    N/A
e - Slow                  Hex            #.......     28%         2    N/A

Your spell library contained the following spells:

 Spells                   Type           Power        Failure   Level  Hunger
 Inner Flame              Hex/Fire       #.......     67%         3    N/A
 Portal Projectile        Hex/Tloc       #.....       67%         3    N/A
 Cause Fear               Hex            #.........   88%         4    N/A
 Leda's Liquefaction      Hex/Erth       #.........   97%         4    N/A

Dungeon Overview and Level Annotations

Branches:
Dungeon (3/15)

Altars:
Sif Muna


Innate Abilities, Weirdness & Mutations

You do not eat or drink.
Your flesh is vulnerable to fire.
You are immune to poison.
Your flesh is cold resistant. (rC+)
You are immune to negative energy. (rN+++)
You are immune to unholy pain and torment.
You can survive without breathing.


Message History

You shoot a stone. The stone hits the giant cockroach.
You kill the giant cockroach!
p - 138 stones (gained 3)
p - 139 stones (gained 1)
p - 141 stones (gained 2)
A hobgoblin comes into view. It is wielding a club.
The hobgoblin shouts!
Firing (i - inventory)
p - 141 stones (quivered)
Press: ? - help, Shift-Dir - straight line, f - hobgoblin
Aim: a hobgoblin, wielding a club You shoot a stone.
The stone barely misses the hobgoblin.
A hobgoblin is nearby!
Firing (i - inventory)
p - 140 stones (quivered)
Press: ? - help, Shift-Dir - straight line, f/p - hobgoblin
Aim: a hobgoblin, wielding a club You shoot a stone.
The stone hits the hobgoblin.
The hobgoblin is almost dead.
A hobgoblin is nearby!
Firing (i - inventory)
p - 139 stones (quivered)
Press: ? - help, Shift-Dir - straight line, f/p - hobgoblin
Aim: a hobgoblin, wielding a club (almost dead)
You shoot a stone. The stone hits the hobgoblin.
You kill the hobgoblin!
p - 139 stones (gained 1)
You see here a club.
p - 140 stones (gained 1)
p - 141 stones (gained 1) Key pressed, stopping explore.
No target in view! 3 orcs and an orc priest come into view.
An orc is wielding a hand axe of electrocution.
The orc priest is wielding a The orc shouts!
The orc priest shouts!
The orc shouts!
Found a whip.
Firing (i - inventory)
p - 141 stones (quivered)
Press: ? - help, Shift-Dir - straight line, f - orc
Aim: an orc, wielding a hand axe of electrocution and wearing a leather armour You shoot a stone.
The stone hits the orc.
The orc is heavily wounded.
There are monsters nearby!
Firing (i - inventory)
p - 140 stones (quivered)
Press: ? - help, Shift-Dir - straight line, f/p - orc
Aim: an orc, wielding a hand axe of electrocution and wearing a leather armour You shoot a stone.
The stone hits the orc.
You kill the orc!
The orc priest calls down the wrath of Beogh upon you.
Beogh smites you!
There are monsters nearby!
Firing (i - inventory)
p - 139 stones (quivered)
Press: ? - help, Shift-Dir - straight line, f - orc
Aim: an orc, wielding a club You shoot a stone.
The stone hits the orc.
The orc is severely wounded.
The orc priest invokes the aid of Beogh against you.
Beogh smites you!
* * * LOW HITPOINT WARNING * * *
The orc hits you with a club.
* * * LOW HITPOINT WARNING * * *
Okay, then.
Really read
f - 4 scrolls of teleportation {!r}?
As you read the scroll of teleportation {!r}, it crumbles to dust.
You feel strangely unstable.
The orc priest invokes the aid of Beogh against you.
Beogh smites you!
You die...

....... ######.......
#............
#.......o(...
#............
#.....o....). #....o#
#....o# #....@# .....
#.....###########.....
#.............##......
#.....†.......##......
##............##......
###............##......
#.....................#
#.....................#
#)....................'


You could see an orc priest and 2 orcs.

Vanquished Creatures
  A hound zombie (D:2)
  4 gnolls
  3 adders (D:2)
  2 oozes
  A worm (D:2)
  4 dart slugs
  2 leopard geckos (D:2)
  2 orcs (D:3)
  3 bats
  8 giant cockroaches
  8 hobgoblins
  4 jackals (D:2)
  2 quokkas
  5 frilled lizards
  5 goblins
  A kobold (D:2)
  10 rats
65 creatures vanquished.

Notes
Turn   | Place    | Note
-------+----------+-------------------------------------------
     0 | D:1      | Amnesiac the Mummy Arcane Marksman began the quest for the
                  | Orb.
     0 | D:1      | Reached XP level 1. HP: 15/15 MP: 2/2
   298 | D:1      | Reached skill level 2 in Crossbows
   419 | D:1      | Reached XP level 2. HP: 21/21 MP: 2/4
   432 | D:1      | Learned a level 2 spell: Slow
  1016 | D:2      | Reached XP level 3. HP: 17/26 MP: 2/5
  1031 | D:2      | Reached skill level 3 in Crossbows
  1078 | D:2      | HP: 1/26 [jackal (2)]
  1856 | D:2      | Reached XP level 4. HP: 25/32 MP: 6/6
  2323 | D:2      | Found a deep blue altar of Sif Muna.
  2591 | D:2      | Reached skill level 4 in Crossbows
  2893 | D:3      | Reached XP level 5. HP: 35/37 MP: 7/7
  3119 | D:3      | Killed from afar by an orc priest

Vault maps used:
D:1:      onia_arrival_larder
D:2:      led_sif_pool, minmay_misc_feat_hallway, hex_medium,
          minmay_strange_pillars
D:3:      gammafunk_ghost_cemetery

Skill      XL: |  1  2  3  4 |
---------------+-------------+-----
Crossbows      | 2 3 4 |  4.5
Fighting       | |  1.0
Dodging        | |  1.5
Spellcasting   | |  1.5
Hexes          | |  2.6

Action                   |  1- 3 |  4- 6 || total
-------------------------+-------+-------++-------
Melee: Hand axe          |    18 |       ||    18
 Fire: Hand crossbow     |    40 |    38 ||    78
       Hunting sling     |    22 |    56 ||    78
 Cast: Corona            |    22 |       ||    22
  Use: Scroll            |     1 |     1 ||     2
Armor: Robe              |    11 |       ||    11
       Ring mail         |     5 |    23 ||    28
Dodge: Dodged            |    50 |    29 ||    79

Table legend:
 A = Non-vault XP
 B = Vault XP
 C = Vault XP percentage of total XP
 D = Non-vault monster count
 E = Vault monster count
 F = Vault count percentage of total count
                 A         B        C        D         E       F
            +---------+---------+-------+---------+---------+-------
      Total |     224 |      10 |   4.3 |      59 |       6 |   9.2
            +---------+---------+-------+---------+---------+-------
        D:1 |      19 |      10 |  34.5 |      11 |       6 |  35.3
        D:2 |     155 |       0 |   0.0 |      33 |       0 |   0.0
        D:3 |      50 |       0 |   0.0 |      15 |       0 |   0.0
            +---------+---------+-------+---------+---------+-------
